Map: Cyber Forest LE

Players

Parkkatz - Winner!

  • Race: Zerg Zerg
  • League: Platinum
  • Spawn Location: 5:00

Desamunt

  • Race: Terran Terran
  • League: Platinum
  • Spawn Location: 11:00

VOD

Have the link to the VOD?

Description

Time

  • Played on: July 4, 2019, 2:48 p.m.
  • Length: 7:07
Show
View Real Time Build Order
Export as new Build Order

Parkkatz Zerg - Winner!

Build Orders: Hatch First 

Get SALT Encoding   

  12  0:01  Drone  
  13  0:20  Overlord  
  13  0:21  Drone  
  14  0:39  Drone x2  
  16  0:43  Drone  
  17  0:53  Drone  
  18  1:04  Hatchery  
  18  1:06  Drone  
  18  1:07  Extractor  
  17  1:20  Drone, Spawning Pool  
  17  1:26  Drone  
  18  1:36  Drone  
  19  1:47  Overlord  
  19  2:06  Queen  
  21  2:09  Zergling x4  
  23  2:16  Queen  
  23  2:17  Zergling x2  
  23  2:20  Drone  
  23  2:21  Metabolic Boost  
  27  2:39  Drone x3  
  30  2:45  Overlord  
  30  2:48  Drone  
  31  2:51  Queen  
  31  2:56  Drone  
  34  3:04  Drone x2  
  36  3:13  Roach Warren  
  36  3:15  Drone  
  36  3:16  Drone x4  
  40  3:22  Overlord  
  40  3:36  Drone x2  
  40  3:40  Drone x2  
  44  3:43  Drone  
  45  3:50  Evolution Chamber  
  45  3:51  Lair  
  45  3:54  Drone x3  
  47  3:57  Extractor  
  47  3:58  Extractor  
  47  3:59  Spore Crawler  
  47  4:01  Spore Crawler  
  43  4:03  Queen  
  43  4:06  Drone x3  
  43  4:07  Drone  
  43  4:08  Drone  
  50  4:10  Drone  
  50  4:27  Overlord  
  52  4:45  Roach  
  52  4:46  Roach x3  
  52  4:49  Glial Reconstitution  
  52  4:51  Zerg Missile Weapons Level 1  
  54  5:25  Roach x3  
  54  5:27  Overlord x2  
  60  5:34  Roach x2  
  60  5:35  Roach  
  60  5:44  Queen  
  60  5:48  Roach x4  
  70  6:00  Roach  
  70  6:01  Roach x4  
  76  6:17  Overlord x2, Extractor  
  75  6:18  Hatchery  
  75  6:25  Roach  
  76  6:28  Overlord  
  76  6:36  Roach x2  
  80  6:43  Ravager x6  
  80  6:45  Overlord  
  80  6:46  Overlord x2  
Show
View Real Time Build Order
Export as new Build Order

Desamunt Terran 

Build Orders: 2 Factory, Hellion Opening 

Get SALT Encoding   

  12  0:00  SCV  
  13  0:13  SCV  
  14  0:17  Supply Depot  
  14  0:25  SCV  
  15  0:31  Refinery  
  15  0:41  Barracks  
  15  0:55  SCV  
  16  1:00  Refinery  
  16  1:07  Supply Depot  
  16  1:08  SCV  
  17  1:21  SCV  
  18  1:36  Orbital Command  
  18  1:37  Marine  
  19  1:57  Factory  
  19  2:06  SCV  
  20  2:14  Supply Depot  
  20  2:18  Barracks Reactor  
  20  2:31  SCV  
  20  2:41  Factory  
  20  2:43  Hellion  
  22  2:45  SCV  
  23  2:59  SCV  
  23  3:03  Barracks Tech Lab  
  24  3:11  Hellion x2, SCV  
  29  3:20  Supply Depot  
  29  3:23  SCV  
  30  3:33  Engineering Bay  
  30  3:35  Hellion  
  30  3:38  Infernal Pre-Igniter  
  32  3:47  Siege Tank  
  35  3:52  Hellion  
  37  3:58  Hellion  
  39  4:16  Hellion  
  41  4:19  Siege Tank  
  44  4:28  Hellion  
  46  4:56  Siege Tank  
  47  5:19  Hellion x2  
  40  5:28  Siege Tank  
  40  5:41  Hellion x2  
  44  6:00  Siege Tank  
  44  6:11  Hellion x2  
  48  6:13  SCV  
  48  6:15  Command Center  
  49  6:32  Hellion, Siege Tank  
  51  6:33  Armory  
Tags
 
Add a new tag
Caveats
  • Supply blocks, unpowered buildings, or Contaminate may cause inaccurate times.
  • Supply counts are checked every 10 seconds.